 Dungeon Crawl Stone Soup version 0.29.0-4-gdea44cf6ec (webtiles) character file.

Game seed: 9380014371209664266

58 qw the Chopper (level 4, -2/26 HPs)
             Began as a Tengu Warper on Aug 28, 2022.
             Slain by an orc
             ... wielding a +0 trident
              (5 damage)
             ... on level 3 of the Dungeon.
             The game lasted 00:00:14 (2066 turns).

qw the Chopper (Tengu Warper)                       Turns: 2066, Time: 00:00:14

Health: -2/26      AC:  3    Str: 13    XL:     4   Next: 2%
Magic:  8/8        EV: 10    Int: 13    God:
Gold:   68         SH:  7    Dex: 14    Spells: 7/7 levels left

rFire   . . .      SeeInvis .   Y - +1 hand axe
rCold   . . .      Faith    .   c - +0 kite shield
rNeg    . . .      Spirit   .   b - +0 leather armour
rPois   .          Reflect  .   (helmet restricted)
rElec   .          Harm     .   (no cloak)
rCorr   .          Rampage  .   (no gloves)
Will    .....                   (boots unavailable)
Stlth   +.........              (no amulet)
HPRegen 0.08/turn               (no ring)
MPRegen 0.11/turn               (no ring)

@: lethally poisoned (-2 -> -8), about to teleport
A: beak, talons 3
a: no special abilities


You were on level 3 of the Dungeon.
You visited 1 branch of the dungeon, and saw 3 of its levels.

You collected 113 gold pieces.
You spent 45 gold pieces at shops.


Innate Abilities, Weirdness & Mutations

You have a beak for a mouth.
You have claws for feet.


   Skills:
 - Level 2.0 Fighting
 - Level 4.3 Axes
 - Level 1.0 Throwing
 - Level 1.1 Armour
 - Level 2.1 Dodging
 + Level 1.1 Shields
 - Level 2.0 Spellcasting
 - Level 2.4 Translocations


You had 7 spell levels left.
You didn't know any spells.
Your spell library contained the following spells:

 Spells                   Type           Power      Damage    Failure   Level
 Blink                    Tloc           14%        N/A       54%         2
 Gell's Gravitas          Tloc           7%         N/A       77%         3
 Lesser Beckoning         Tloc           7%         N/A       77%         3
 Teleport Other           Tloc           7%         N/A       77%         3
 Manifold Assault         Tloc           7%         N/A       100%        5

Inventory:

Hand Weapons
 f - a +0 whip
 Y - a +1 hand axe (weapon)
Armour
 b - a +0 leather armour (worn)
 c - a +0 kite shield (worn)
 h - a +0 ring mail
Scrolls
 a - a scroll of teleportation
 k - a scroll of identify
Potions
 d - a potion of brilliance {unknown}
 e - a potion of lignification {unknown}
 g - a potion of ambrosia {unknown}
 j - a potion of invisibility {unknown}

Dungeon Overview and Level Annotations

Branches:
Dungeon (3/15)

Altars:

Shops:
D:2 [=[[


Message History

The dart slug launches a dart at you. The slug dart misses you.
The orc shouts!
You slash the dart slug!
You kill the dart slug!
You hit the orc. You claw the orc.
You kill the orc!
Your Shields skill increases to level 1!
You block the orc's attack.
Things that are here:
a +0 dagger; a +0 ring mail; an orc corpse You hit the orc.
Your kick misses the orc.
The orc is severely wounded.
You barely miss the orc.
The orc hits you with a +0 trident of venom.
You are lethally poisoned!
The orc barely misses you.
You barely miss the orc.
The orc is severely wounded.
You hit the orc wizard but do no damage.
You closely miss the orc.
You feel very sick. The orc misses you. The orc barely misses you.
The orc closely misses you. You block the orc wizard's attack.
The orc wizard hits you but does no damage.
You block the orc's attack. x2; The orc closely misses you.
You slash the orc!
You kill the orc!
You hit the orc wizard. You closely miss the orc.
You hear the slow rusting of a very distant drain.
You feel sick. The orc closely misses you.
The orc wizard hits you with a +0 dagger.
You block the orc's attack.
You have reached level 4!
You feel agile.
2066 ||| READING 2 scrolls of teleportation.
As you read the scroll of teleportation, it crumbles to dust.
You feel strangely unstable.
You feel sick.
The orc hits you from afar with a +0 trident.
You die...

.........# # ##.
......... .# ... ..
.......###.## ##
...##..........# .
.....#.........# .. #
#>..%.......##... #
#.......o..... # .
#...#.#o#.#... .. ##.
#.....@)....# .# #..
#...#.#o#.#.# # # #.#
###.........# #. #.#
##.#.#?#.#.# #..##.#
##............ #....##
#.%.#.#.#.#.#.
#####..####.#.........#
............##.####....
##........#....# ##


You could see an orc wizard and 2 orcs.

Vanquished Creatures
  2 dart slugs
  2 orcs (D:3)
  2 bats
  6 endoplasms
  4 giant cockroaches
  3 goblins
  3 hobgoblins
  3 jackals (D:1)
  9 kobolds
  2 quokkas (D:3)
  2 ball pythons
  A frilled lizard (D:2)
  8 rats
47 creatures vanquished.

Vanquished Creatures (others)
  11 plants (D:1)
11 creatures vanquished.

Grand Total: 58 creatures vanquished

Notes
Turn   | Place    | Note
-------+----------+-------------------------------------------
     0 | D:1      | qw the Tengu Warper began the quest for the Orb.
     0 | D:1      | Reached XP level 1. HP: 12/12 MP: 4/4
     0 | D:1      | 0 ||| qw: Version: 0.1-a-89-g26bdef1
     0 | D:1      | 0 ||| qw: Game counter: 2673
     0 | D:1      | 0 ||| qw: Always use a shield: true
     0 | D:1      | 0 ||| qw: God list: Okawaru
     0 | D:1      | 0 ||| qw: Allow faded altars: false
     0 | D:1      | 0 ||| qw: Do Orc after D:15 true
     0 | D:1      | 0 ||| qw: Do second Lair branch before Depths: true
     0 | D:1      | 0 ||| qw: Lair rune preference: random
     0 | D:1      | 0 ||| qw: Plans: Normal
     0 | D:1      | 0 ||| PLANNING D:1-11
    34 | D:1      | 34 ||| Stepping ~*~*~tactically~*~*~ (stealth).
   135 | D:1      | 135 ||| DROPPING +0 club.
   155 | D:1      | Reached XP level 2. HP: 17/17 MP: 6/6
   187 | D:1      | 187 ||| Stepping ~*~*~tactically~*~*~ (stealth).
   191 | D:1      | Reached skill level 3 in Axes
   338 | D:1      | 338 ||| Stepping ~*~*~tactically~*~*~ (stealth).
   605 | D:1      | 605 ||| Stepping ~*~*~tactically~*~*~ (stealth).
   634 | D:1      | 634 ||| Stepping ~*~*~tactically~*~*~ (stealth).
   668 | D:1      | 668 ||| Stepping ~*~*~tactically~*~*~ (stealth).
   673 | D:1      | Reached XP level 3. HP: 21/21 MP: 7/7
   829 | D:1      | 829 ||| READING scroll labelled FAMAHU VO RUJ.
   832 | D:1      | 832 ||| READING scroll labelled PAREROMNIR.
   833 | D:1      | 833 ||| READING scroll labelled UTSYSE ACKUDD.
   834 | D:1      | 834 ||| READING 3 scrolls labelled WACOIT ATIOS.
   835 | D:1      | 835 ||| READING scroll labelled JEMUFO QIPUYB.
   836 | D:1      | 836 ||| READING 2 scrolls of identify.
   836 | D:1      | 836 ||| IDENTIFYING lumpy silvery potion
   837 | D:1      | 837 ||| DROPPING scroll of blinking.
   838 | D:1      | 838 ||| DROPPING potion of degeneration.
   845 | D:2      | Found Rauwoib's Jewellery Boutique.
   850 | D:2      | 850 ||| SHOPLISTING amulet of regeneration (330 gold, have
                  | 20).
   850 | D:2      | 850 ||| SHOPLISTING amulet of the acrobat (330 gold, have
                  | 20).
   850 | D:2      | 850 ||| SHOPLISTING ring "Soqionla" {rF+ AC+4 Int+2} (596
                  | gold, have 20).
   850 | D:2      | 850 ||| SHOPLISTING ring of ice (275 gold, have 20).
   850 | D:2      | 850 ||| SHOPLISTING ring of protection from cold (275 gold,
                  | have 20).
   850 | D:2      | 850 ||| SHOPLISTING ring of protection from fire (275 gold,
                  | have 20).
   878 | D:2      | Found Cumosenu's Armour Boutique.
   883 | D:2      | 883 ||| SHOPLISTING +0 chain mail (49 gold, have 29).
   883 | D:2      | 883 ||| SHOPLISTING +0 ring mail (44 gold, have 29).
   883 | D:2      | 883 ||| SHOPLISTING +2 chain mail of fire resistance (236
                  | gold, have 29).
   955 | D:2      | Reached skill level 4 in Axes
  1054 | D:2      | Found Nennupn's Armour Boutique.
  1072 | D:2      | 1072 ||| BUYING +0 kite shield (45 gold).
  1072 | D:2      | Bought a +0 kite shield for 45 gold pieces
  1072 | D:2      | 1072 ||| SHOPLISTING +0 ring mail (40 gold, have 14).
  1072 | D:2      | 1072 ||| SHOPLISTING +2 chain mail of poison resistance
                  | (185 gold, have 14).
  1393 | D:2      | Found a faded altar of an unknown god.
  1735 | D:2      | Found Beotux's Antique Armour Boutique.
  1744 | D:2      | 1744 ||| SHOPLISTING +4 robe of Augmentation {Str+4 Int+4
                  | Dex+4} (1005 gold, have 46).
  1744 | D:2      | 1744 ||| SHOPLISTING distressingly furry scale mail (171
                  | gold, have 46).
  1744 | D:2      | 1744 ||| SHOPLISTING glowing chain mail (142 gold, have
                  | 46).
  1744 | D:2      | 1744 ||| SHOPLISTING glowing cloak (142 gold, have 46).
  1744 | D:2      | 1744 ||| SHOPLISTING glowing scale mail (133 gold, have
                  | 46).
  1744 | D:2      | 1744 ||| SHOPLISTING ring mail (76 gold, have 46).
  1744 | D:2      | 1744 ||| SHOPLISTING runed scarf (152 gold, have 46).
  1744 | D:2      | 1744 ||| SHOPLISTING scale mail (76 gold, have 46).
  1928 | D:2      | 1928 ||| UPGRADING to +0 kite shield.
  1933 | D:2      | 1933 ||| READING scroll labelled YDUFIG KOADAD.
  1934 | D:2      | 1934 ||| READING scroll labelled DITAG WEASK.
  1969 | D:3      | 1969 ||| PLANNING SEWER
  2062 | D:3      | Reached skill level 1 in Shields
  2065 | D:3      | HP: 5/21 [poisoned by an orc]
  2066 | D:3      | Reached XP level 4. HP: 5/26 MP: 8/8
  2066 | D:3      | 2066 ||| READING 2 scrolls of teleportation.
  2066 | D:3      | Slain by an orc

Levels and vault maps discovered:
D:1:      roderic_crop_circles_arrival_small, layout_basic
D:2:      layout_basic, serial_shops, nicolae_square_shop,
          nicolae_shop_statue_plus, nicolae_shop_stone, shop_fountains,
          shapermc_ecumenical_altar_pompeii
D:3:      layout_rooms, portal_sewer_entry_d, serial_glass, glass_columns_a,
          glass_columns_c

Skill      XL: |  1  2  3 |
---------------+----------+-----
Axes           | 3 4 |  4.3
Shields        | 1 |  1.1
Fighting       | |  2.0
Throwing       | |  1.0
Armour         | |  1.1
Dodging        | |  2.1
Spellcasting   | |  2.0
Translocations | |  2.4

Action                   |  1- 3 |  4- 6 || total
-------------------------+-------+-------++-------
Melee: Hand axe          |    70 |       ||    70
       Kick              |    22 |       ||    22
       Peck              |    10 |       ||    10
       Punch             |     1 |       ||     1
Throw: Boomerang         |     7 |       ||     7
  Use: Scroll            |     8 |     1 ||     9
 Stab: Sleeping          |     1 |       ||     1
Armor: Leather armour    |    18 |       ||    18
Dodge: Dodged            |    33 |       ||    33
Block: Kite shield       |     5 |       ||     5

Table legend:
 A = Non-vault XP
 B = Vault XP
 C = Vault XP percentage of total XP
 D = Non-vault monster count
 E = Vault monster count
 F = Vault count percentage of total count
                 A         B        C        D         E       F
            +---------+---------+-------+---------+---------+-------
      Total |      84 |       0 |   0.0 |      47 |       0 |   0.0
            +---------+---------+-------+---------+---------+-------
        D:1 |      39 |       0 |   0.0 |      24 |       0 |   0.0
        D:2 |      25 |       0 |   0.0 |      15 |       0 |   0.0
        D:3 |      20 |       0 |   0.0 |       8 |       0 |   0.0
            +---------+---------+-------+---------+---------+-------
